 Dungeon Crawl Stone Soup version 0.26.1-11-gd32895ea62 (webtiles) character file.

Game seed: 2891257607665679122

105 bigjeff5 the Caller (level 4, -2/30 HPs)
             Began as a Merfolk Summoner on July 9, 2021.
             Killed from afar by an orc wizard (5 damage)
             ... with a magic dart
             ... on level 3 of the Dungeon on July 10, 2021.
             The game lasted 01:38:20 (3334 turns).

bigjeff5 the Caller (Merfolk Summoner)              Turns: 3334, Time: 01:38:21

Health: -2/30      AC:  2    Str:  9    XL:     4   Next: 83%
Magic:  8/9        EV: 13    Int: 14    God:
Gold:   131        SH:  0    Dex: 14    Spells: 7/10 levels left

rFire    . . .     SeeInvis .   c - +0 dagger (venom)
rCold    . . .     Faith    .   (no shield)
rNeg     . . .     Spirit   .   a - +0 robe
rPois    .         Reflect  .   (no helmet)
rElec    .         Harm     .   (no cloak)
rCorr    .         Rampage  .   (no gloves)
Will     .....                  (no boots)
Stlth    ++........             (no amulet)
HPRegen  0.10/turn              (no ring)
MPRegen  0.11/turn              (no ring)

@: flying
A: change form in water, swift swim, stealthy swim
a: no special abilities


You were on level 3 of the Dungeon.
You visited 1 branch of the dungeon, and saw 3 of its levels.

You collected 131 gold pieces.

Inventory:

Hand Weapons
 c - a +0 dagger of venom (weapon)
 k - a +0 short sword
 m - a +0 hunting sling
 q - a +0 war axe
Missiles
 i - 35 arrows
 l - 45 stones
Armour
 a - a +0 robe (worn)
Jewellery
 o - an uncursed ring of fire
Scrolls
 b - 2 scrolls of identify {unknown}
 d - 2 scrolls of teleportation {unknown}
 e - a scroll of fog {unknown}
 h - 2 scrolls of remove curse {unknown}
 r - a scroll of magic mapping {unknown}
Potions
 g - a potion of invisibility {unknown}
 j - 3 potions of flight
 n - a potion of brilliance {unknown}
 p - a potion of cancellation {unknown}


   Skills:
 - Level 2.6 Dodging
 - Level 2.1 Stealth
 + Level 3.7 Spellcasting
 * Level 4.9 Summonings


You had 7 spell levels left.
You knew the following spells:

 Your Spells              Type           Power        Failure   Level
a - Summon Small Mammal   Summ           64%          2%          1
b - Call Imp              Summ           16%          4%          2

Your spell library contained the following spells:

 Spells                   Type           Power        Failure   Level
 Call Canine Familiar     Summ           16%          8%          3
 Corona                   Hex            2%           21%         1
 Summon Guardian Golem    Hex/Summ       9%           22%         3
 Ensorcelled Hibernation  Hex/Ice        4%           30%         2
 Confusing Touch          Hex            2%           52%         3
 Dazzling Flash           Conj/Hex       4%           52%         3
 Tukima's Dance           Hex            2%           52%         3
 Summon Ice Beast         Ice/Summ       9%           58%         4
 Summon Lightning Spire   Summ/Air       9%           58%         4


Dungeon Overview and Level Annotations

Branches:
Dungeon (3/15)

Altars:

Annotations:
D:3 Natasha


Message History

You feel less confused. Something hits you but does no damage.
A hobgoblin and Natasha come into view.
Natasha hisses angrily.
You hear some strange, mumbled words.
A puff of flame appears from out of thin air!
The puff of flame misses you.
The puff of flame misses your white imp.
Found a scale mail.
Something hits you but does no damage.
Casting: Call Imp (safe; 4% risk of failure)
Confirm with . or Enter, or press ? or * to list all spells.
A beastly little devil appears in a puff of flame.
Something hits you.
* * * LOW HITPOINT WARNING * * *
Your white imp disappears in a puff of smoke!
Something hits you but does no damage.
Your crimson imp blinks!
A magic dart appears from out of thin air!
The magic dart hits you.
You die...

### #.. #.# ### #.#
..#### #.####....g.
####.#......... #
#..@...#..... [ #.
#....{ยง#..#.... #
#.. #.....5h....h.# .
#...###)..5.##......#
#
#...........##.5....#
#
#..))##.....##.###...
# #....
#.....##.###.## #
#....
###........#.#######
#....
#.#...............


You could see Natasha and 3 friendly crimson imps.

Vanquished Creatures
  A bat (D:2)
1 creature vanquished.

Vanquished Creatures (collateral kills)
  An orc priest (D:3)
  A gnoll (D:1)
  8 adders
  An ooze (D:1)
  A dart slug (D:3)
  A leopard gecko (D:1)
  4 orcs
  6 bats
  3 giant cockroaches
  13 goblins
  7 hobgoblins
  3 kobolds
  A quokka (D:2)
  A ball python (D:1)
  3 frilled lizards
  10 rats
64 creatures vanquished.

Grand Total: 65 creatures vanquished

Notes
Turn   | Place    | Note
-------+----------+-------------------------------------------
     0 | D:1      | bigjeff5 the Merfolk Summoner began the quest for the Orb.
     0 | D:1      | Reached XP level 1. HP: 13/13 MP: 3/3
   191 | D:1      | Reached XP level 2. HP: 19/19 MP: 1/5
   385 | D:1      | Learned a level 2 spell: Call Imp
  1088 | D:1      | Reached XP level 3. HP: 23/24 MP: 4/7
  2205 | D:3      | Reached XP level 4. HP: 24/30 MP: 6/9
  3329 | D:3      | Noticed Natasha
  3334 | D:3      | Killed from afar by an orc wizard

Illustrated notes

Levels and vault maps discovered:
D:1:      onia_arrival_handbag, layout_basic
D:2:      layout_basic
D:3:      layout_basic, uniq_natasha

Skill      XL: |  1  2  3 |
---------------+----------+-----
Spellcasting   | 3 |  3.7
Dodging        | |  2.6
Stealth        | |  2.1
Summonings     | |  4.9

Action                   |  1- 3 |  4- 6 || total
-------------------------+-------+-------++-------
Melee: Dagger            |    11 |       ||    11
 Fire: Hunting sling     |     4 |       ||     4
 Cast: Summon Small Mamm |    31 |    10 ||    41
       Call Imp          |    30 |    31 ||    61
  Use: Potion            |       |     2 ||     2
Armor: Robe              |    14 |     2 ||    16
Dodge: Dodged            |    41 |     3 ||    44
